 Dungeon Crawl Stone Soup version 0.31-a0-180-g519b7de00c (webtiles) character file.

Game seed: 3548630740302823011

73 qw the Shooter (level 4, -2/40 HPs)
             Began as a Naga Hunter on June 20, 2023.
             Slain by a sky beast (5 damage)
             ... on level 3 of the Dungeon.
             The game lasted 00:00:35 (1927 turns).

qw the Shooter (Naga Hunter)                        Turns: 1927, Time: 00:00:36

Health: -2/40      AC:  2    Str: 14    XL:     4   Next: 27%
Magic:  4/4        EV:  9    Int:  9    God:
Gold:   105        SH:  0    Dex: 16    Spells: 3/3 levels left

rFire   . . .        f - +0 orcbow
rCold   . . .        (shield currently unavailable)
rNeg    . . .        c - +0 leather armour
rPois   +            (no helmet)
rElec   .            (no cloak)
rCorr   .            (no gloves)
SInv    +            (no barding)
Will    .....        (no amulet)
Stlth   ++           (no ring)
HPRegen 0.26/turn    (no ring)
MPRegen 0.09/turn

%: no passive effects
@: about to teleport, short of breath, very slow
A: AC +1, large, see invisible, deformed body, poison resistance, slowness 2,
spit poison 1, naga tail 1
a: Spit Poison


You were on level 3 of the Dungeon.
You visited 1 branch of the dungeon, and saw 3 of its levels.

You collected 105 gold pieces.


Innate Abilities, Weirdness & Mutations

Your serpentine skin is tough. (AC +1)
You have supernaturally acute eyesight. (SInv)
Armour fits poorly on your strangely shaped body.
Your system is resistant to poisons. (rPois)
You cover ground very slowly.
You can spit poison.
You have a snake-like lower body.


   Skills:
 + Level 2.4 Fighting
 - Level 5.0 Ranged Weapons
 - Level 1.5 Dodging
 - Level 1.5 Stealth


You had 3 spell levels left.
You didn't know any spells.
Your spell library was empty.

Inventory:

Hand Weapons
 f - a +0 orcbow (weapon)
Armour
 c - a +0 leather armour (worn)
Scrolls
 a - a scroll of identify
 e - 3 scrolls of teleportation
Potions
 b - a potion of curing
 d - a potion of mutation {unknown}
 i - a potion of heal wounds {unknown}
 j - a potion of haste {unknown}

Dungeon Overview and Level Annotations

Branches:
Dungeon (3/15)

Altars:


Message History

The adder is severely wounded.
The adder closely misses you.
You shoot an arrow. The arrow hits the adder.
You kill the adder!
The hobgoblin hits you.
You shoot an arrow. The arrow hits the hobgoblin!
You kill the hobgoblin!
The frilled lizard barely misses you.
You shoot an arrow.
The arrow closely misses the frilled lizard.
The frilled lizard barely misses you.
You shoot an arrow.
The arrow closely misses the frilled lizard.
The frilled lizard closely misses you.
You shoot an arrow. The arrow hits the frilled lizard!
You kill the frilled lizard!
You have got your breath back.
1922 ||| INVOKING Spit Poison.
Aiming: Spit Poison (1% risk of failure)
Press: ? - help, Shift-Dir - straight line, f - sky beast The splash of poison misses the sky beast.
The sky beast hits you. The sky beast shocks you.
You shoot an arrow.
The arrow hits the sky beast but does no damage.
The sky beast hits you. The sky beast shocks you.
You shoot an arrow. The arrow misses the sky beast.
You have got your breath back.
The sky beast hits you. The sky beast shocks you.
1925 ||| READING 4 scrolls of teleportation.
As you read the scroll of teleportation, it crumbles to dust.
You feel strangely unstable. The sky beast hits you. The sky beast shocks you.
1926 ||| INVOKING Spit Poison.
Aiming: Spit Poison (1% risk of failure)
Press: ? - help, Shift-Dir - straight line, f/p - sky beast The splash of poison misses the sky beast.
The sky beast hits you but does no damage.
You shoot an arrow. The arrow closely misses the sky beast.
The sky beast misses you. The sky beast hits you.
You die...

##.##)###.## #.
#......#..%..##### #.#
#.#............%... ...
...#.#######...... ....
..##. #...### .#### ...#
#....# #...##..# #..#.#
.#.#.#Y#.#########..#.##
...#=#.@......%.....#...
.#.#.#)#.###%....#######
#...##.._..###....#...
####.!.#### ####.#.[.
.........# #.#.##
########## #...# #####


You could see a sky beast.

Vanquished Creatures
  2 adders (D:3)
  A worm (D:3)
  6 ball pythons
  5 endoplasms
  A giant cockroach (D:1)
  3 goblins
  3 hobgoblins
  6 quokkas
  9 bats
  8 frilled lizards
  2 kobolds
  7 rats
53 creatures vanquished.

Notes
Turn   | Place    | Note
-------+----------+-------------------------------------------
     0 | D:1      | qw the Naga Hunter began the quest for the Orb.
     0 | D:1      | Reached XP level 1. HP: 19/19 MP: 1/1
     0 | D:1      | 0 ||| qw: Version: 0.3-a-9-g12657ce
     0 | D:1      | 0 ||| qw: Game counter: 1166
     0 | D:1      | 0 ||| qw: Always use a shield: true
     0 | D:1      | 0 ||| qw: God list: Okawaru
     0 | D:1      | 0 ||| qw: Allow faded altars: false
     0 | D:1      | 0 ||| qw: Do Orc after D:15 true
     0 | D:1      | 0 ||| qw: Do second Lair branch before Depths: true
     0 | D:1      | 0 ||| qw: Lair rune preference: random
     0 | D:1      | 0 ||| qw: Plans: Normal
     0 | D:1      | 0 ||| PLANNING D:1-11
    46 | D:1      | 46 ||| INVOKING Spit Poison.
    49 | D:1      | 49 ||| INVOKING Spit Poison.
    60 | D:1      | 60 ||| INVOKING Spit Poison.
   141 | D:1      | 141 ||| INVOKING Spit Poison.
   146 | D:1      | 146 ||| INVOKING Spit Poison.
   165 | D:1      | 165 ||| INVOKING Spit Poison.
   167 | D:1      | Reached skill level 4 in Ranged Weapons
   167 | D:1      | Reached XP level 2. HP: 26/26 MP: 2/2
   199 | D:1      | 199 ||| INVOKING Spit Poison.
   200 | D:1      | 200 ||| INVOKING Spit Poison.
   226 | D:1      | 226 ||| INVOKING Spit Poison.
   272 | D:1      | 272 ||| INVOKING Spit Poison.
   390 | D:1      | 390 ||| INVOKING Spit Poison.
   395 | D:1      | 395 ||| INVOKING Spit Poison.
   570 | D:1      | 570 ||| INVOKING Spit Poison.
   709 | D:1      | 709 ||| INVOKING Spit Poison.
   737 | D:1      | 737 ||| INVOKING Spit Poison.
   767 | D:1      | 767 ||| INVOKING Spit Poison.
   824 | D:1      | 824 ||| INVOKING Spit Poison.
   907 | D:1      | 907 ||| INVOKING Spit Poison.
   910 | D:1      | Reached XP level 3. HP: 26/32 MP: 3/3
  1058 | D:1      | 1058 ||| DROPPING ring of magical power.
  1059 | D:1      | 1059 ||| READING scroll labelled PISYIRRODUWN.
  1060 | D:1      | 1060 ||| READING 2 scrolls labelled GUIG JATHRETA.
  1064 | D:1      | 1064 ||| READING scroll labelled VUAPSA PASSACA.
  1065 | D:1      | 1065 ||| READING scroll labelled GECSEMN CAONY.
  1066 | D:1      | 1066 ||| DROPPING scroll of butterflies.
  1097 | D:2      | 1097 ||| INVOKING Spit Poison.
  1134 | D:2      | 1134 ||| INVOKING Spit Poison.
  1172 | D:2      | 1172 ||| INVOKING Spit Poison.
  1173 | D:2      | 1173 ||| INVOKING Spit Poison.
  1253 | D:2      | Identified the +7 hand axe of Luxury {freeze, rN++ rCorr
                  | SInv}
  1274 | D:2      | 1274 ||| INVOKING Spit Poison.
  1415 | D:2      | 1415 ||| INVOKING Spit Poison.
  1439 | D:2      | 1439 ||| INVOKING Spit Poison.
  1445 | D:2      | 1445 ||| INVOKING Spit Poison.
  1455 | D:2      | 1455 ||| INVOKING Spit Poison.
  1487 | D:2      | 1487 ||| INVOKING Spit Poison.
  1582 | D:2      | 1582 ||| INVOKING Spit Poison.
  1603 | D:2      | 1603 ||| INVOKING Spit Poison.
  1820 | D:2      | 1820 ||| DROPPING ring of wizardry.
  1821 | D:2      | 1821 ||| READING scroll labelled EZOUNA NEAL.
  1822 | D:2      | 1822 ||| READING scroll labelled XOKERETOIN.
  1823 | D:2      | 1823 ||| READING scroll labelled HAACAD HAKUYDA.
  1824 | D:2      | 1824 ||| DRINKING 2 viscous brown potions.
  1845 | D:3      | 1845 ||| INVOKING Spit Poison.
  1860 | D:3      | 1860 ||| SWAPPING to +0 orcbow.
  1861 | D:3      | 1861 ||| INVOKING Spit Poison.
  1863 | D:3      | 1863 ||| DROPPING +0 shortbow.
  1868 | D:3      | 1868 ||| INVOKING Spit Poison.
  1870 | D:3      | Reached skill level 5 in Ranged Weapons
  1891 | D:3      | 1891 ||| INVOKING Spit Poison.
  1892 | D:3      | Reached XP level 4. HP: 39/39 MP: 4/4
  1899 | D:3      | Found a faded altar of an unknown god.
  1911 | D:3      | Noticed a sky beast
  1913 | D:3      | 1913 ||| INVOKING Spit Poison.
  1916 | D:3      | 1916 ||| INVOKING Spit Poison.
  1922 | D:3      | 1922 ||| INVOKING Spit Poison.
  1924 | D:3      | HP: 8/40 [sky beast (6)]
  1925 | D:3      | 1925 ||| READING 4 scrolls of teleportation.
  1925 | D:3      | HP: 2/40 [sky beast (5)]
  1926 | D:3      | 1926 ||| INVOKING Spit Poison.
  1927 | D:3      | Slain by a sky beast

Levels and vault maps discovered:
D:1:      nzn_arrival_crosshair, layout_basic
D:2:      layout_loops_ring
D:3:      layout_loops_ring, basic_ecumenical_altar, minmay_checkerbox

Skill      XL: |  1  2  3 |
---------------+----------+-----
Ranged Weapons | 4 5 |  5.0
Fighting       | |  2.4
Dodging        | |  1.5
Stealth        | |  1.5

Action                     |  1- 3 |  4- 6 || total
---------------------------+-------+-------++-------
   Fire: Shortbow          |    58 |       ||    58
         Orcbow            |     3 |    13 ||    16
Ability: Spit Poison       |    32 |     4 ||    36
    Use: Scroll            |     7 |     1 ||     8
         Potion            |     1 |       ||     1
 Armour: Leather armour    |     4 |     2 ||     6
  Dodge: Dodged            |     9 |     5 ||    14

Table legend:
 A = Non-vault XP
 B = Vault XP
 C = Vault XP percentage of total XP
 D = Non-vault monster count
 E = Vault monster count
 F = Vault count percentage of total count
                 A         B        C        D         E       F
            +---------+---------+-------+---------+---------+-------
      Total |     101 |       4 |   3.8 |      50 |       3 |   5.7
            +---------+---------+-------+---------+---------+-------
        D:1 |      34 |       0 |   0.0 |      21 |       0 |   0.0
        D:2 |      27 |       0 |   0.0 |      20 |       0 |   0.0
        D:3 |      40 |       4 |   9.1 |       9 |       3 |  25.0
            +---------+---------+-------+---------+---------+-------
